[Event "*** Titled Tuesday Blitz"]
[Site "Chess.com"]
[Date "2020.04.28"]
[Round "7"]
[White "tamarozi99"]
[Black "andy_rekt"]
[Result "0-1"]
[WhiteElo "1957"]
[BlackElo "2202"]
[TimeControl "180+1"]
[EndTime "11:18:39 PDT"]
[Termination "andy_rekt won on time"]

1. e4 c5 2. Nf3 Nc6 3. d4 cxd4 4. Nxd4 Nf6 5. Nc3 d6 6. Bg5 e6 7.
f3 a6 8. Qd2 Be7 9. O-O-O Bd7 10. g4 b5 11. h4 Qb6 12. Be3 Qc7 13. h5 Ne5 14. g5 Ng8 15. f4 Nc4 16. Bxc4 Qxc4 17.
f5 b4 18. fxe6 fxe6 19. Nce2 d5 20. exd5 Qxa2 21. Nb3 Qa4 22. Qd4 Rc8 23. Qxg7 Qxb3 24. Nd4 Qxe3+ 25. Rd2 Bxg5 26. Rd1 Bf6 27. Qg4 e5 28. Qg2 exd4 29. Kb1 Ne7 30. Re2 Qg5 31. Qe4 O-O 32. d6 Bf5 33. dxe7 Bxe4 34. exf8=Q+ Rxf8 35. Rxe4 Bg7 36. Ree1 Qf5 0-1

[Event "*** Titled Tuesday Blitz"]
[Site "Chess.com"]
[Date "2020.04.28"]
[Round "7"]
[White "Zarikovs1999"]
[Black "MathiasWomacka"]
[Result "0-1"]
[WhiteElo "2273"]
[BlackElo "2434"]
[TimeControl "180+1"]
[EndTime "11:18:41 PDT"]
[Termination "MathiasWomacka won by resignation"]

1. e4 c5 2. Nf3 d6 3. Bb5+ Nd7 4. O-O a6 5. Bd3 Ngf6 6. c3 b5 7. Bc2 Bb7 8. Re1 Qc7 9. d4 cxd4 10. cxd4 Rc8 11. Bd3 Bxe4 12. Bxe4 Nxe4 13. Nc3 Nxc3 14. bxc3 e6 15. Ng5 Be7 16. Qh5 g6 17. Qh6 Qxc3 18. Bf4 Qxd4 19. Be3 Qf6 20. Rad1 d5 21. Bd4 Qxg5 22.
Qxg5 Bxg5 23. Bxh8 Kf8 24. Bb2 Rc2 25. Ba3+ Kg7 26.
g3 Rxa2 27. Bd6 Nb6 28. Ra1 Rxa1 29. Rxa1 Na4 30. Be5+ Bf6 31. f4 Bxe5 32. fxe5 f6 33. exf6+ Kxf6 34. Kf2 e5 35. Ke2 e4 36. Ke3 Ke5 37.
Rd1 b4 38. Rb1 d4+ 39. Kf2 a5 40. Ra1 e3+ 41. Ke2 Nc3+ 42. Kd3 a4 43. Kc4 e2 44.
Kxb4 Ke4 45. Kc4 Ke3 0-1

[Event "*** Titled Tuesday Blitz"]
[Site "Chess.com"]
[Date "2020.04.28"]
[Round "7"]
[White "Vamostodorecto"]
[Black "Sjakkerntobi"]
[Result "0-1"]
[WhiteElo "2440"]
[BlackElo "2194"]
[TimeControl "180+1"]
[EndTime "11:18:41 PDT"]
[Termination "Sjakkerntobi won on time"]

1. d4 Nf6 2. c4 e6 3. Nc3 d5 4.
Nf3 Be7 5. cxd5 exd5 6. Bg5 c6 7.
e3 Bf5 8. Nh4 Bg6 9. Nxg6 hxg6 10.
Bd3 Ne4 11. Bxe7 Qxe7 12. Qc2 f5 13. Bxe4 fxe4 14. Nxd5 cxd5 15. Qc8+ Qd8 16. Qxb7 Nd7 17. Qxd5 Nf6 18. Qe6+ Qe7 19. Qc6+ Kf7 20. O-O Rac8 21. Qa6 Ng4 22. h3 Qc7 23. f4 Nxe3 24. Rfe1 Nf5 25. Rxe4 Qc6 26. Qxc6 Rxc6 27. d5 Rc5 28. Rd1 Rd8 29.
Ra4 a5 30. b4 axb4 31. Rxb4 Rcxd5 32. Rxd5 Rxd5 33. a4 Rd4 34. Rb7+ Ke6 35. Ra7 Kd5 36. a5 Ke4 37. a6 Kxf4 38. Rf7 Kg3 39. Kf1 Ra4 40.
a7 Ne3+ 41. Ke2 Nxg2 42. Rxg7 Nf4+ 43. Ke3 Nd5+ 44. Kd3 Nf4+ 45. Kc3 Kxh3 46. Kb3 Ra1 47. Kb4 Kg4 48. Kb5 Kf5 49. Kb6 Ne6 50. Rf7+ Ke5 51. Re7 Kd6 0-1

[Event "*** Titled Tuesday Blitz"]
[Site "Chess.com"]
[Date "2020.04.28"]
[Round "7"]
[White "IlzeBerzina"]
[Black "Mikromurks"]
[Result "0-1"]
[WhiteElo "2141"]
[BlackElo "2333"]
[TimeControl "180+1"]
[EndTime "11:18:41 PDT"]
[Termination "Mikromurks won on time"]

1. e4 Nf6 2. e5 Nd5 3. d4 d6 4.
c4 Nb6 5. exd6 exd6 6. Nc3 Be7 7.
Bd3 Nc6 8. Nf3 Bg4 9. Be3 Bf6 10. c5 dxc5 11. dxc5 Bxf3 12. Qxf3 Qxd3 13. cxb6 Bxc3+ 14. bxc3 Qxc3+ 15. Ke2 Qc2+ 16. Ke1 Qc3+ 17. Ke2 O-O 18. bxc7 Rfe8 19. Rhd1 Nd4+ 20. Rxd4 Qxd4 21. Rc1 Qb2+ 22. Kf1 Rac8 23. Qf4 Qxa2 24. h4 Qa6+ 25. Kg1 Qe6 26. h5 h6 27. Rd1 Qe7 28. Rc1 Qe5 29. Qc4 Re7 30. Bf4 Qe6 31. Qxe6 fxe6 32. Rd1 e5 33. Rd8+ Re8 34. Rxe8+ Rxe8 35. Bxe5 Rc8 36. Bg3 a5 37. Kf1 b5 38. Ke2 b4 39. Kd3 a4 40. Kc4 b3 41.
Kc3 Kf7 42. Kb2 Ke6 43. Ka3 Kd5 44. Bf4 Kc4 45. Be5 Kd3 46. Kxa4 Kc2 0-1

[Event "*** Titled Tuesday Blitz"]
[Site "Chess.com"]
[Date "2020.04.28"]
[Round "7"]
[White "Yerlan-Ra"]
[Black "IAgrest"]
[Result "0-1"]
[WhiteElo "2398"]
[BlackElo "2280"]
[TimeControl "180+1"]
[EndTime "11:18:42 PDT"]
[Termination "IAgrest won on time"]

1. e4 e5 2. Nf3 Nc6 3. Bb5 a6 4. Ba4 Nf6 5. O-O Bc5 6. Nxe5 b5 7. Nxc6 dxc6 8. Bb3 O-O 9. d3 a5 10. a4 Bg4 11. Qe1 Re8 12. h3 Be6 13. Bxe6 Rxe6 14. axb5 Bb4 15. c3 Bf8 16. Qe2 cxb5 17. Bg5 h6 18. Bh4 Qd7 19. Rd1 a4 20. Nd2 Rae8 21. Bxf6 Rxf6 22. Qg4 Qxd3 23. Nf3 Qxe4 24. Qxe4 Rxe4 25.
Rd7 Bd6 26. Nd4 Re5 27. Rd8+ Kh7 28. Rb8 Bc5 29. Nxb5 Rxf2 30. Kh1 Rxb2 31. c4 Ree2 32. Nc3 Rxg2 33. Rxb2 Rxb2 34. Nxa4 Rb3 35. Nxc5 Rxh3+ 36. Kg2 Rc3 37. Ra4 h5 38. Ne4 Rc2+ 39. Kg3 Kg6 40.
Ra6+ f6 41. c5 Kf5 42. Ra4 g5 0-1

[Event "*** Titled Tuesday Blitz"]
[Site "Chess.com"]
[Date "2020.04.28"]
[Round "7"]
[White "Kolle05"]
[Black "IsaacWiebe"]
[Result "1-0"]
[WhiteElo "2419"]
[BlackElo "2172"]
[TimeControl "180+1"]
[EndTime "11:18:43 PDT"]
[Termination "Kolle05 won by resignation"]

1. e4 e5 2. Nf3 Nc6 3. Bb5 a6 4.
Ba4 Nf6 5. Qe2 d6 6. O-O Be7 7. c3 O-O 8. h3 b5 9. Bc2 Bb7 10. a3 Re8 11. d4 Bf8 12. Rd1 Qe7 13. Bg5 g6 14. Nbd2 Bg7 15. Nf1 h6 16. Bxf6 Qxf6 17. d5 Na5 18. b3 c6 19. dxc6 Bxc6 20. b4 Nb7 21. Ne3 Rac8 22. Qe1 Red8 23. Nd5 Bxd5 24. Rxd5 Qe7 25. Bb3 Qc7 26. Rd3 a5 27. Rc1 axb4 28.
axb4 Qb6 29. Rd5 Rc6 30. Qe2 Qc7 31. Rxb5 Rxc3 32. Rxc3 Qxc3 33. Bxf7+ Kxf7 34. Rxb7+ Kg8 35. Qa2+ d5 36. Qa7 Qc1+ 37. Kh2 Qf4+ 38. g3 Qf6 39. exd5 Rxd5 40. Qa8+ Kh7 41. Rxg7+ Kxg7 42. Qxd5 e4 43. Qxe4 Qb6 44. Qd4+ Qxd4 45. Nxd4 Kf6 46. b5 Ke5 47. b6 Kxd4 48. b7 Ke4 49. b8=Q Kf3 50. Qf4+ Ke2 51.
Qxh6 Kf1 52. Qxg6 Kxf2 53. g4 Kf1 54. h4 Kf2 55. h5 Kf3 56. h6 Kf2 57. h7 Kf1 58. h8=Q 1-0

[Event "*** Titled Tuesday Blitz"]
[Site "Chess.com"]
[Date "2020.04.28"]
[Round "7"]
[White "kakakz"]
[Black "EvilMorty23"]
[Result "1-0"]
[WhiteElo "2414"]
[BlackElo "2517"]
[TimeControl "180+1"]
[EndTime "11:18:44 PDT"]
[Termination "kakakz won by checkmate"]

1. d4 Nf6 2. c4 e6 3. Nf3 b6 4. a3 a5 5. Nc3 Bb7 6. Qc2 d6 7. e4 Nbd7 8. Bd3 e5 9. O-O h6 10.
Bd2 Be7 11. b4 O-O 12. Nd5 Re8 13. bxa5 bxa5 14. Rab1 Bc6 15. Nxe7+ Qxe7 16. d5 Nc5 17. dxc6 Ra6 18. Rb5 a4 19. Be3 Ne6 20. c5 d5 21.
Nxe5 dxe4 22. Bxe4 Nxe4 23. Qxe4 Nd8 24. f4 f6 25. Qd5+ Kh7 26. Qd3+ Kg8 27. Nc4 Rxc6 28. Bf2 Ne6 29. f5 Nf4 30. Qf3 Ne2+ 31. Kh1 Qf7 32.
Qxc6 Rd8 33. Ne3 Qa2 34. Qe6+ Qxe6 35. fxe6 Re8 36. Re1 Nd4 37. Rb4 Nxe6 38. Nd5 Kf7 39. Rbe4 c6 40. Nf4 Nc7 41. Rxe8 Nxe8 42. Re4 g5 43.
Nd3 f5 44. Rxa4 Nf6 45. Rd4 Kg6 46. a4 Ng4 47. a5 f4 48. a6 Kh5 49. a7 f3 50. Rxg4 fxg2+ 51. Rxg2 g4 52. a8=Q g3 53. Qe8+ Kg4 54. Rxg3+ Kf5 55. Qe5# 1-0

[Event "*** Titled Tuesday Blitz"]
[Site "Chess.com"]
[Date "2020.04.28"]
[Round "7"]
[White "mfwagnerpeixoto"]
[Black "Nara_Kh"]
[Result "0-1"]
[WhiteElo "2206"]
[BlackElo "2460"]
[TimeControl "180+1"]
[EndTime "11:18:44 PDT"]
[Termination "Nara_Kh won by checkmate"]

1. e4 c5 2. Nf3 d6 3. d4 Nf6 4. Nc3 cxd4 5. Nxd4 a6 6. Bg5 Nbd7 7. f4 Qb6 8. Nb3 e6 9. Qd2 Be7 10. O-O-O Qc7 11.
Be2 b5 12. Bf3 Bb7 13. Rhe1 O-O 14. e5 Bxf3 15. exf6 gxf6 16. gxf3 fxg5 17. Nd5 exd5 18. Rxe7 Rae8 19. Rxe8 Rxe8 20. fxg5 Qc4 21. Qxd5 Qf4+ 22. Kb1 Ne5 23. a3 Qxf3 24. Qxd6 Nc4 25. Qd4 Qe3 26.
Qxe3 Rxe3 27. Rd8+ Kg7 28. Ra8 Re6 29. Nd4 Re1+ 30. Ka2 Rh1 31. h4 Ne3 32. Rxa6 Rxh4 33.
Nxb5 Rg4 34. a4 Rxg5 35. a5 Rxb5 36. b3 h5 37. c4 Rb8 38. Rb6 Ra8 39. a6 h4 40. b4 Nxc4 41. b5 Nxb6 42. Kb3 h3 43. Kb4 h2 44. Ka5 h1=Q 45. Kxb6 Rb8+ 46. Ka7 Qa8# 0-1

[Event "*** Titled Tuesday Blitz"]
[Site "Chess.com"]
[Date "2020.04.28"]
[Round "7"]
[White "Oleksandr_Bortnyk"]
[Black "DryCounty"]
[Result "1-0"]
[WhiteElo "3008"]
[BlackElo "2760"]
[TimeControl "180+1"]
[EndTime "11:18:45 PDT"]
[Termination "Oleksandr_Bortnyk won by checkmate"]

1. e4 e5 2. Bc4 Nf6 3. d3 c6 4. Nf3 d5 5. Bb3 Bb4+ 6. Bd2 Bxd2+ 7. Qxd2 Nbd7 8. Nc3 d4 9. Ne2 Qe7 10. c3 dxc3 11. bxc3 O-O 12. O-O Nc5 13. Bc2 Bg4 14. Qe3 Rad8 15. h3 Bxf3 16. Qxf3 Ne6 17. Rfd1 Qc5 18.
Bb3 Rfe8 19. Rac1 Qa3 20. Qe3 Nc5 21. Rb1 b5 22. Ng3 Nxb3 23. axb3 Nd7 24. Nf5 g6 25. Nh6+ Kg7 26. Ng4 h5 27. Qh6+ Kg8 28. Ne3 Qf8 29. Qg5 Qe7 30. Qg3 Qf6 31. b4 Qf4 32. Ra1 Qxg3 33. fxg3 Ra8 34. Kf2 Nb6 35. Ra6 Rec8 36. Rda1 Na4 37. Ra3 c5 38. Nd5 cxb4 39. cxb4 Rc2+ 40. Kf3 Kg7 41. Ra1 Nc3 42. Nxc3 Rxc3 43.
Ke2 Rd8 44. Rd1 Rd4 45. Rxa7 Rxb4 46. Rf1 Rc2+ 47. Ke3 Rxg2 48. Rfxf7+ Kh6 49. Kf3 Rbb2 50. Rh7+ Kg5 51. h4+ Kf6 52. Ra6# 1-0

[Event "*** Titled Tuesday Blitz"]
[Site "Chess.com"]
[Date "2020.04.28"]
[Round "7"]
[White "Kezin_Roman"]
[Black "GM_dmitrij"]
[Result "1-0"]
[WhiteElo "2716"]
[BlackElo "2970"]
[TimeControl "180+1"]
[EndTime "11:18:45 PDT"]
[Termination "Kezin_Roman won by resignation"]

1. d4 Nf6 2. c4 e6 3. g3 c5 4. d5 exd5 5. cxd5 d6 6. Nc3 g6 7.
Nf3 Bg7 8. Bg2 O-O 9. O-O Re8 10. Nd2 a6 11. a4 Nbd7 12. h3 Rb8 13. Nc4 Ne5 14. Na3 Nh5 15. e4 Bd7 16. a5 Qxa5 17.
g4 Nf6 18. f4 Nexg4 19. hxg4 Nxg4 20. f5 h5 21. Bg5 Qb4 22. Qd2 Qd4+ 23. Qxd4 cxd4 24.
Nd1 gxf5 25. exf5 Be5 26. Nc4 Bh2+ 27. Kh1 Bb5 28. b3 Be5 29. Ndb2 Ne3 30. Rf2 f6 31. Bxe3 dxe3 32. Re2 Bg3 33. Rxe3 Rxe3 34. Nxe3 Be5 35. Rb1 Re8 36. Nbc4 Bf4 37. Nc2 Be5 38. Re1 Kf7 39. Bf3 Rh8 40. Re4 Bd7 41. Nd4 Bxd4 42. Nxd6+ Kg7 43. Rxd4 Kh6 44. Nf7+ 1-0

[Event "*** Titled Tuesday Blitz"]
[Site "Chess.com"]
[Date "2020.04.28"]
[Round "7"]
[White "HrvojeZagreb"]
[Black "Ariadna_Atreides"]
[Result "1-0"]
[WhiteElo "2095"]
[BlackElo "2011"]
[TimeControl "180+1"]
[EndTime "11:18:45 PDT"]
[Termination "HrvojeZagreb won on time"]

1. d4 e6 2. Bf4 c5 3. e3 Nc6 4. Nd2 cxd4 5. Ngf3 dxe3 6. fxe3 d5 7. Bd3 Nf6 8. c3 Bd6 9. Bg5 h6 10. Bh4 Be7 11. O-O O-O 12. Qe2 g6 13. Rad1 Kg7 14. Bxf6+ Bxf6 15. e4 dxe4 16. Nxe4 Qb6+ 17. Kh1 Be7 18. h4 e5 19. h5 gxh5 20. Ng3 Bg4 21. Bb1 f5 22. Qe1 e4 23. Nh2 Qc5 24. Rd7 Rad8 25. Rxb7 Kh8 26. Nxg4 hxg4 27. Nh5 Qe5 28. g3 Bg5 29. Nf4 Rg8 30. a3 Rb8 31. Rf7 Bxf4 32. Rxf4 Qd5 33. R7xf5 Qc4 34. b3 Qxb3 35.
Bxe4 Rbe8 36. Bd5 Rxe1+ 37. Kg2 Qc2+ 38. Rf2 Qxc3 39. Bxg8 Qd4 40. Rf8 1-0

[Event "*** Titled Tuesday Blitz"]
[Site "Chess.com"]
[Date "2020.04.28"]
[Round "7"]
[White "abhidabhi"]
[Black "Andreikka"]
[Result "1-0"]
[WhiteElo "2774"]
[BlackElo "2959"]
[TimeControl "180+1"]
[EndTime "11:18:46 PDT"]
[Termination "abhidabhi won on time"]

1. e4 e5 2. Nf3 Nc6 3. Bb5 a6 4. Ba4 Nf6 5. O-O Be7 6. Re1 b5 7. Bb3 O-O 8. d4 Nxd4 9. Nxd4 exd4 10. e5 Ne8 11. c3 c5 12. cxd4 c4 13. Bc2 d5 14.
Qf3 Nc7 15. Be3 b4 16. Nd2 a5 17. b3 Be6 18. Nf1 f5 19. Ng3 g6 20. Ne2 g5 21. h4 g4 22. Qf4 Qe8 23. Qh6 Qg6 24.
g3 a4 25. Qxg6+ hxg6 26. Nf4 Kf7 27. bxa4 Rfb8 28. Kg2 Bd7 29. h5 gxh5 30. Nxh5 b3 31. axb3 cxb3 32. Bd3 b2 33. Rab1 Rxa4 34. Nf4 Bg5 35.
Re2 Rab4 36. Rc2 Ne6 37. Nxe6 Bxe3 38. Nc5 Bxd4 39. Nxd7 Ke6 40. Nxb8 Rxb8 41. Rc6+ Kxe5 42. Re1+ 1-0

[Event "*** Titled Tuesday Blitz"]
[Site "Chess.com"]
[Date "2020.04.28"]
[Round "7"]
[White "Uzbektiger1963"]
[Black "Angry_Twin"]
[Result "0-1"]
[WhiteElo "2541"]
[BlackElo "2798"]
[TimeControl "180+1"]
[EndTime "11:18:46 PDT"]
[Termination "Angry_Twin won by resignation"]

1. c4 e5 2. Nc3 Nf6 3. Nf3 Nc6 4. e4 Bb4 5. d3 d6 6. a3 Bc5 7. b4 Bb6 8. Na4 Bd4 9. Rb1 O-O 10. Be2 a6 11. Bd2 Ba7 12. O-O Nd4 13. Nxd4 Bxd4 14. Be3 b5 15. Bxd4 exd4 16. Nb2 Re8 17. Qc2 Bb7 18.
Rbc1 c6 19. f4 Rc8 20. Bf3 Nd7 21. Qf2 c5 22. Bg4 Rc7 23. a4 bxa4 24. bxc5 Nxc5 25. Ra1 Bc6 26. Bd1 Qf6 27. Ra3 Rb8 28. Nxa4 Bxa4 29.
Bxa4 Rcb7 30. Bc6 Rb2 31. Qg3 Rd2 32. Bd5 Rbb2 33. e5 Qe7 34. f5 Qxe5 35. Qxe5 dxe5 36.
Ra5 e4 37. Rf4 Rd1+ 38. Rf1 Rdd2 39. Rf4 Nxd3 40. Rxa6 h5 41. Ra8+ Kh7 42. Bxf7 Nxf4 43. Bg8+ Kh6 44. h4 Rxg2+ 0-1

[Event "*** Titled Tuesday Blitz"]
[Site "Chess.com"]
[Date "2020.04.28"]
[Round "7"]
[White "Tayson_7"]
[Black "12teen"]
[Result "1-0"]
[WhiteElo "2657"]
[BlackElo "2775"]
[TimeControl "180+1"]
[EndTime "11:18:46 PDT"]
[Termination "Tayson_7 won on time"]

1. e4 e6 2. Qe2 b6 3. Nf3 Bb7 4. g3 Nf6 5. d3 d5 6. e5 Nfd7 7. Bg2 c5 8. c3 Nc6 9. O-O Be7 10. h4 Qc7 11. Bf4 h6 12. h5 O-O-O 13. c4 d4 14. Nbd2 g5 15. hxg6 fxg6 16. Ne4 g5 17. Nd6+ Bxd6 18.
exd6 Qb8 19. Be5 Ncxe5 20. Nxe5 Bxg2 21. Kxg2 Qxd6 22. Nf7 Qc6+ 23. f3 Rhf8 24. Nxd8 Kxd8 25. Rae1 e5 26. Qe4 Kc7 27. Qxc6+ Kxc6 28. Rh1 Rf6 29. Rh5 b5 30. b3 bxc4 31. bxc4 Kc7 32. Reh1 Ra6 33.
Rxh6 Rxa2+ 34. Kh3 Rf2 35. Ra1 Rxf3 36. Rxa7+ Kd8 37.
Rh8+ Nf8 38. Kg4 Rf1 39. Rh6 Nd7 40. Rd6 Rf7 41. Kxg5 e4 42. dxe4 Re7 43. Kf5 Ke8 44. g4 Re5+ 45. Kf4 Re7 46. e5 1-0

[Event "*** Titled Tuesday Blitz"]
[Site "Chess.com"]
[Date "2020.04.28"]
[Round "7"]
[White "PIwan"]
[Black "VincentKeymer"]
[Result "1/2-1/2"]
[WhiteElo "2557"]
[BlackElo "2720"]
[TimeControl "180+1"]
[EndTime "11:18:46 PDT"]
[Termination "Game drawn by repetition"]

1. c4 e6 2. Nc3 d5 3. d4 Nf6 4.
cxd5 Nxd5 5. e4 Nxc3 6. bxc3 c5 7. a3 g6 8. Nf3 Bg7 9. Bg5 Qa5 10. Qd2 Nc6 11. e5 O-O 12. Be2 cxd4 13. cxd4 Qxd2+ 14. Kxd2 Bd7 15. Rab1 Na5 16. Rhc1 Rfc8 17. Kd3 b5 18. Nd2 Rxc1 19. Rxc1 Rc8 20. Rxc8+ Bxc8 21. Kc3 a6 22. Ne4 Bf8 23. Nd6 Bd7 24. Bd8 Nc6 25. Bb6 Bxd6 26.
exd6 Kf8 27. Bc7 Ke8 28. a4 bxa4 29. Bxa6 e5 30. dxe5 Nxe5 31. Kb4 f6 32. h3 Bc6 33.
f4 Nd7 34. g4 f5 35. g5 Kf7 36. Bc4+ Kf8 37. h4 Ke8 38. Bg8 Nf8 39. Kc5 Kd7 40. Kb4 Ke8 41. Kc5 Kd7 42. Kb4 Ke8 1/2-1/2

[Event "*** Titled Tuesday Blitz"]
[Site "Chess.com"]
[Date "2020.04.28"]
[Round "7"]
[White "starworld123"]
[Black "Gabix_94"]
[Result "0-1"]
[WhiteElo "2659"]
[BlackElo "2799"]
[TimeControl "180+1"]
[EndTime "11:18:47 PDT"]
[Termination "Gabix_94 won by resignation"]

1. Nf3 d5 2. d4 Nf6 3. c4 e6 4. g3 c6 5. Bg2 Nbd7 6. Qc2 b6 7.
O-O Ba6 8. cxd5 cxd5 9. Nc3 Be7 10. Bf4 O-O 11. Rfc1 b5 12. a4 b4 13. Nb5 Ne8 14.
Qc6 Bxb5 15. axb5 Nb6 16. Ra6 Nd6 17. Bxd6 Bxd6 18. Qc2 Qd7 19. Qd3 Rfc8 20. Rca1 h6 21. e3 Rcb8 22. Bf1 Rb7 23. b3 Rc8 24. Qd2 Rc3 25. Qa2 Bb8 26. Ne5 Bxe5 27. dxe5 Nc8 28. Qa4 Qe7 29. Rc6 Nb6 30. Qa2 Rc7 31. Rxc7 Rxc7 32.
Qa5 g6 33. h4 h5 34. Kg2 Kg7 35. Ra2 Qc5 36. Ra1 d4 37. exd4 Qxd4 38. Re1 Rc2 39. Re2 Qd5+ 40. Kg1 Rxe2 41. Bxe2 Qxb3 42. Qxa7 Qc2 43.
Bf1 b3 44. Qxb6 b2 45. Qd8 b1=Q 46. Qf6+ Kg8 47. Qd8+ Kh7 48. b6 Qcc1 0-1

[Event "*** Titled Tuesday Blitz"]
[Site "Chess.com"]
[Date "2020.04.28"]
[Round "7"]
[White "elohunter1999"]
[Black "GMartin_Petrov"]
[Result "1/2-1/2"]
[WhiteElo "2511"]
[BlackElo "2664"]
[TimeControl "180+1"]
[EndTime "11:18:48 PDT"]
[Termination "Game drawn by repetition"]

1. e4 c6 2. Nc3 d5 3. Nf3 g6 4.
h3 Bg7 5. d4 dxe4 6. Nxe4 Nd7 7. Bc4 Ngf6 8. Nxf6+ Nxf6 9. O-O O-O 10. a4 a5 11. Re1 Nd5 12. c3 h6 13. Ne5 Bf5 14.
Qf3 Qc8 15. Bxd5 cxd5 16. Qxd5 Be6 17. Qf3 Rd8 18. Bf4 Bd5 19. Qg3 Qf5 20. Ng4 g5 21.
Bd2 e6 22. Ne3 Qd3 23. Nxd5 Qxg3 24. fxg3 Rxd5 25. g4 e5 26. Be3 exd4 27. Rad1 Re8 28. cxd4 Bxd4 29. Kf1 Red8 30. Bxd4 Rxd4 31. Re8+ Rxe8 32.
Rxd4 Re3 33. Rd5 Rb3 34. Rxa5 Rxb2 35. g3 Kg7 36. h4 gxh4 37. gxh4 Rb4 38. g5 h5 39. Rb5 Rxa4 40. Rxb7 Rxh4 41. Rb5 Rg4 42. Kf2 Kg6 43. Rb8 Kxg5 44. Rf8 f5 45. Kf3 Rf4+ 46. Kg3 h4+ 47. Kh3 Rf3+ 48. Kg2 Ra3 49. Rg8+ Kf4 50.
Rb8 Ra2+ 51. Kh3 Ra3+ 52. Kg2 Kg4 53. Rg8+ Kf4 54. Rb8 1/2-1/2

[Event "*** Titled Tuesday Blitz"]
[Site "Chess.com"]
[Date "2020.04.28"]
[Round "7"]
[White "RubensCezila"]
[Black "murtas73"]
[Result "1/2-1/2"]
[WhiteElo "2469"]
[BlackElo "2593"]
[TimeControl "180+1"]
[EndTime "11:18:49 PDT"]
[Termination "Game drawn by repetition"]

1. c4 e6 2. e3 Nf6 3. b3 b6 4. Bb2 Bb7 5. Nf3 d5 6. g3 Nbd7 7. Bg2 Bd6 8. O-O O-O 9. d3 c5 10. Nbd2 Qe7 11. Re1 Rad8 12. Qc2 Bb8 13. e4 dxe4 14.
dxe4 Ng4 15. e5 f5 16. exf6 Ndxf6 17. h3 Nh6 18. Ng5 Bxg2 19. Kxg2 Qb7+ 20. Ndf3 e5 21. Bxe5 Bxe5 22. Rxe5 Nf7 23. Nxf7 Rxf7 24. Re3 Rdf8 25.
Kg1 Ng4 26. Ng5 Rf5 27. hxg4 Rxg5 28. Rae1 Rxg4 29. Re8 Rg6 30. Qe2 Rf6 31. Rxf8+ Rxf8 32. Qe6+ Kh8 33. Qe7 Qf3 34. Re2 h5 35. Qe3 Qf5 36. Kg2 Rf6 37. Qe4 Qg5 38. Qa8+ Kh7 39. Qe4+ Kh6 40.
Re3 a5 41. Rf3 Rxf3 42. Qxf3 Qe5 43. Qc6+ Kh7 44. Qxb6 Qe4+ 45. Kg1 Qe1+ 46. Kg2 Qe4+ 47. Kh2 Qd4 48. Kg2 h4 49. gxh4 Qg4+ 50. Kf1 Qd1+ 51.
Kg2 Qg4+ 52. Kf1 Qd1+ 53. Kg2 Qg4+ 1/2-1/2

[Event "*** Titled Tuesday Blitz"]
[Site "Chess.com"]
[Date "2020.04.28"]
[Round "7"]
[White "jonaszmb"]
[Black "aNaartjieZA"]
[Result "1/2-1/2"]
[WhiteElo "2451"]
[BlackElo "2592"]
[TimeControl "180+1"]
[EndTime "11:18:49 PDT"]
[Termination "Game drawn by repetition"]

1. e4 e6 2. d4 d5 3. Bd3 c5 4.
exd5 Qxd5 5. Nc3 Qd8 6. dxc5 Bxc5 7. Nf3 Nf6 8. Bg5 Nbd7 9. O-O O-O 10. Qe2 h6 11. Bh4 Be7 12. Rad1 Qa5 13. Ne4 Re8 14. Nc3 a6 15. Rfe1 b5 16. Nd4 Qb6 17. Ne4 Bb7 18.
Nxf6+ Bxf6 19. Bxf6 Nxf6 20. Nf3 Rad8 21. h3 Qc7 22.
Ne5 Rd5 23. c4 bxc4 24. Bxc4 Rxd1 25. Rxd1 Qb6 26. Bb3 Bd5 27. Bxd5 exd5 28. Nd7 Rxe2 29. Nxb6 Rxb2 30. Nxd5 Nxd5 31. Rxd5 Rxa2 32. Rd8+ Kh7 33. Ra8 Kg6 34. g3 Kf5 35. Kg2 f6 36. Ra7 g5 37.
Rh7 Kg6 38. Ra7 h5 39. Ra8 a5 40. h4 gxh4 41. gxh4 Ra4 42. Kg3 Rg4+ 43. Kh3 a4 44. Ra5 Rb4 45. Kg3 Rb3+ 46. f3 a3 47.
Ra6 Kf7 48. Ra5 Kg6 49. Ra6 Rc3 50. Ra5 Rd3 51. Ra6 Re3 52. Ra5 Rb3 1/2-1/2

[Event "*** Titled Tuesday Blitz"]
[Site "Chess.com"]
[Date "2020.04.28"]
[Round "7"]
[White "Keks2017"]
[Black "ALeks_Ivlev"]
[Result "1-0"]
[WhiteElo "2429"]
[BlackElo "2560"]
[TimeControl "180+1"]
[EndTime "11:18:49 PDT"]
[Termination "Keks2017 won by resignation"]

1. e4 c5 2. d3 Nc6 3. g3 g6 4. Bg2 Bg7 5. f4 b5 6. Nf3 b4 7. O-O d6 8. Re1 e6 9. Nbd2 Nge7 10. Nf1 O-O 11. h3 a5 12. Rb1 a4 13. Be3 Nd4 14. Nxd4 cxd4 15. Bf2 Bb7 16. b3 axb3 17. axb3 Qc7 18.
Qd2 Ra2 19. Rec1 Qc3 20. Qxc3 dxc3 21. Ne3 Rfa8 22. Nc4 d5 23. exd5 Bxd5 24. Nb6 Bxg2 25. Kxg2 R8a6 26. Na4 Nc6 27. Ra1 Rxa1 28. Rxa1 Nd4 29.
Bxd4 Bxd4 30. Kf3 h5 31. g4 Kg7 32. Ke4 Ba7 33. Ra2 hxg4 34. hxg4 f5+ 35. Kf3 fxg4+ 36.
Kxg4 Rc6 37. Nxc3 Rxc3 38. Rxa7+ Kf6 39. Ra2 Rc5 40. Kf3 Kf5 41. Ke3 Rc3 42. Ra5+ Kf6 43. Kd2 Rc8 44. Rb5 Rh8 45. Rxb4 Kf5 46. Re4 Rh2+ 47. Kc3 Rh8 48. b4 Rc8+ 49. Kb3 Ra8 50. b5 Ra1 51. Rb4 e5 52. fxe5 g5 53. b6 Ra8 54. b7 Rb8 55. e6 Kxe6 56. Ka4 Kf5 57. Ka5 g4 58. Ka6 g3 59. Ka7 g2 60. Rb1 Rf8 1-0

[Event "*** Titled Tuesday Blitz"]
[Site "Chess.com"]
[Date "2020.04.28"]
[Round "7"]
[White "chito89"]
[Black "FairChess_on_YouTube"]
[Result "0-1"]
[WhiteElo "2763"]
[BlackElo "3050"]
[TimeControl "180+1"]
[EndTime "11:18:50 PDT"]
[Termination "FairChess_on_YouTube won on time"]

1. d4 Nf6 2. c4 e6 3. Nf3 b6 4. a3 Bb7 5. Nc3 g6 6. d5 Bg7 7. e4 O-O 8. Bd3 d6 9. O-O Nbd7 10.
Rb1 a5 11. h3 Re8 12. Re1 Nc5 13. Bc2 exd5 14. cxd5 Nfd7 15. Nd4 Ne5 16. b4 axb4 17. axb4 Ned3 18. Bxd3 Bxd4 19. bxc5 Bxc3 20. cxb6 Bxe1 21. Qxe1 Bxd5 22. Qc3 cxb6 23. Bb2 Re5 24. exd5 Rc8 25. Qd4 Rc5 26. Bc4 b5 27. Bb3 f6 28. f4 Re2 29. Ra1 Rc7 30. Qxf6 Qxf6 31. Bxf6 Re3 32. Rb1 Kf7 33. Bd4 Rd3 34. Ba1 Ra7 35. Bd1 Ra2 36.
Bf3 b4 37. Bh8 b3 38. h4 Ra8 0-1

[Event "*** Titled Tuesday Blitz"]
[Site "Chess.com"]
[Date "2020.04.28"]
[Round "7"]
[White "erlesfar"]
[Black "GianmarcoVaR"]
[Result "1/2-1/2"]
[WhiteElo "2372"]
[BlackElo "2560"]
[TimeControl "180+1"]
[EndTime "11:18:50 PDT"]
[Termination "Game drawn by repetition"]

1. e4 c5 2. c3 Nf6 3. e5 Nd5 4.
d4 cxd4 5. Nf3 Nc6 6. Bc4 Nb6 7. Bb3 g6 8. Ng5 d5 9. exd6 e6 10. Qf3 Ne5 11. Qg3 Bxd6 12. Ne4 f5 13. Nxd6+ Qxd6 14. cxd4 Nf7 15. Bf4 Qxd4 16. O-O O-O 17. Nc3 Bd7 18. Rad1 Qf6 19. Rfe1 Rfe8 20. h4 Bc6 21. Bg5 Nxg5 22. hxg5 Qf7 23. Rd6 Nd5 24. Nxd5 Bxd5 25. Qe5 Rad8 26.
Rc1 Bxb3 27. axb3 Rxd6 28. Qxd6 Qe7 29. Qd4 e5 30. Qxa7 Qxg5 31. Rc7 Re7 32. Qxb7 Rxc7 33. Qxc7 Qc1+ 34. Kh2 Qxb2 35. Qc4+ Kg7 36. b4 Qxf2 37. b5 Qh4+ 38. Kg1 Qe1+ 39. Kh2 e4 40. b6 Qh4+ 41. Kg1 Qe1+ 42. Kh2 Qh4+ 43. Kg1 Qe1+ 44. Kh2 1/2-1/2

[Event "*** Titled Tuesday Blitz"]
[Site "Chess.com"]
[Date "2020.04.28"]
[Round "7"]
[White "albano87"]
[Black "nfds"]
[Result "1-0"]
[WhiteElo "2394"]
[BlackElo "2496"]
[TimeControl "180+1"]
[EndTime "11:18:50 PDT"]
[Termination "albano87 won by resignation"]

1. e4 e5 2. d4 exd4 3. Qxd4 Nc6 4. Qe3 b6 5. Nc3 Bc5 6. Qg3 Kf8 7. Nd5 Bd6 8. f4 Nge7 9. Bc4 Bb7 10. Bd2 Nxd5 11. Bxd5 Na5 12. Bxb7 Nxb7 13. Bc3 Rg8 14. O-O-O Qe7 15.
e5 Bc5 16. Nf3 h6 17. Nh4 Qe6 18. Kb1 Be7 19. Nf3 Nc5 20. Nd4 Qg6 21. Qf3 Qe4 22. Rhe1 Qxf3 23. Nxf3 g6 24. Nd4 Na4 25. Nb5 Nxc3+ 26.
bxc3 c6 27. Nc7 Rd8 28. Rd3 d5 29. e6 Bd6 30. Rde3 Bxc7 31. e7+ Kg7 32. exd8=Q Rxd8 33. g3 Bd6 34. Re8 Rd7 35. Rc8 c5 36. Ree8 Be7 37. a4 Kf6 38. g4 h5 39. h3 hxg4 40. hxg4 Bd6 41. Red8 Rxd8 42. Rxd8 Ke6 43. f5+ gxf5 44. gxf5+ Ke5 45. Ra8 Kxf5 46. Rxa7 Ke6 47. Rb7 f5 48. Rxb6 f4 49. Kc1 d4 50. cxd4 cxd4 51. Kd2 Kd5 52.
Kd3 f3 53. Rb1 Bc5 54. Rf1 Kc6 55. Rxf3 Kb7 56. Rf5 Bb6 57. Rb5 Ka6 58. Rxb6+ Kxb6 59. Kxd4 Ka5 60. Kd5 Kb4 61. c4 Ka5 62. c5 Ka6 63.
Kd6 Kb7 64. Kd7 Ka6 65. c6 Ka5 66. c7 Kb4 67. c8=Q Kxa4 1-0